Manchots vs Saguenéens

Created - 4 avril 2013 at 21:34

Goals
1 2 3 T
Manchots 2 2 4 8
Saguenéens 0 1 3 4
Shots
1 2 3 T
Manchots 13 16 8 37
Saguenéens 15 10 14 39

1st period

1. Manchots , Tyler Kennedy 18 (Richard Petiot) at 7:07
2. Manchots , Alexander Radulov 28 (Martin Hanzal, Pernell Karl Subban) at 11:07

Penalties :
Jim Slater (Chi) for Hooking (Minor) at 0:47, Matt Corrente (Out) for Slashing (Minor) at 0:47

2nd period

3. Saguenéens , Wayne Simmonds 16 (Henrik Tallinder) at 6:21
4. Manchots , Richard Petiot 2 (Petr Sykora, Pernell Karl Subban) at 9:56 (PP)
5. Manchots , Martin Hanzal 48 (Alexander Radulov, Pernell Karl Subban) at 13:31 (PP)

Penalties :
Wayne Simmonds (Chi) for Hooking (Minor) at 9:21, Brad Chartrand (Chi) for Interference (Minor) at 13:17

3rd period

6. Manchots , Petr Sykora 37 (Bobby Butler) at 1:54
7. Saguenéens , Dwight King 12 (Wayne Simmonds, Derek Joslin) at 5:59
8. Saguenéens , Andreas Engqvist 4 (Patrick McNeill, Derek Joslin) at 7:40
9. Manchots , Logan Couture 11 (Bobby Butler, Ilkka Heikkinen) at 10:26
10. Manchots , Denis Arkhipov 11 (Spencer Machacek, Eric Tangradi) at 14:49
11. Manchots , Alexander Radulov 29 (Martin Hanzal, Pernell Karl Subban) at 16:53
12. Saguenéens , Michal Grosek 27 (Kyle Brodziak) at 17:07

Penalties :
Matt Corrente (Out) for Diving (Minor) at 1:57, Brad Chartrand (Chi) for Tripping (Minor) at 10:29

Goalie Stats

Justin Peters (Out), 35 saves from 39 shots - (0,897), W, 3-0-0, 60:00 minutes
Thomas Greiss (Chi), 29 saves from 37 shots - (0,784), L, 18-13-4, 60:00 minutes

Players Stats for Manchots

Player Name              G  A  P  +/- PIM S  H  SB GA TA FO     MP     PP MP  PK MP  
------------------------------------------------------------------------------------
Alexander Radulov        2  1  3   1  0   5  1  0  1  0  0/2    19:39   1:45   0:00 
Bobby Butler             0  2  2   1  0   2  1  0  1  0  0/1    17:42   1:03   0:00 
Bryan Allen              0  0  0   1  0   3  2  0  0  1  0/0    21:07   0:00   0:42 
Cal Clutterbuck          0  0  0  -2  0   0  1  0  0  0  1/1    11:15   0:00   0:00 
Denis Arkhipov           1  0  1   1  0   1  0  2  1  0  2/4     9:54   0:00   1:07 
Eric Tangradi            0  1  1   1  0   0  0  0  0  0  0/0     7:46   0:00   0:00 
Ilkka Heikkinen          0  1  1   1  0   0  1  0  2  0  0/0    19:48   2:04   1:17 
Jamie Benn               0  0  0   2  0   2  2  0  0  0  0/1    19:59   1:45   0:30 
Kris Russell             0  0  0   1  0   0  3  1  0  0  0/0    15:13   0:44   0:00 
Logan Couture            1  0  1   1  0   4  2  0  0  0  15/26  19:03   1:03   0:30 
Martin Hanzal            1  2  3   2  0   5  0  0  1  1  11/22  19:26   1:45   0:00 
Matt Corrente            0  0  0   1  4   0  2  1  0  2  0/0    16:50   0:00   0:00 
Pernell Karl Subban      0  4  4   0  0   3  4  4  0  0  0/0    27:36   2:04   0:42 
Petr Sykora              1  1  2   1  0   6  1  1  2  0  0/0    18:04   1:03   0:22 
Richard Petiot           1  1  2   0  0   1  0  2  0  1  0/0    20:22   0:44   1:17 
Spencer Machacek         0  1  1   1  0   0  1  0  0  0  0/0     7:33   0:00   0:00 
Tyler Kennedy            1  0  1  -2  0   3  2  1  0  0  1/6    11:37   0:00   0:22 
Wade Belak               0  0  0  -1  0   2  1  2  1  0  0/0    13:06   0:00   1:07 

Players Stats for Saguenéens

Player Name              G  A  P  +/- PIM S  H  SB GA TA FO     MP     PP MP  PK MP  
------------------------------------------------------------------------------------
Andreas Engqvist         1  0  1   1  0   2  1  0  0  0  0/2     7:52   0:00   0:00 
Andrew Kozek             0  0  0  -1  0   1  1  1  1  1  0/0    14:37   0:00   1:14 
Billy Sweat              0  0  0   0  0   0  0  0  0  0  0/0     0:00   0:00   0:00 
Brad Chartrand           0  0  0   0  4   3  2  2  0  1  1/1    19:20   1:10   0:35 
Brandon Yip              0  0  0  -2  0   3  1  0  1  0  0/0    16:58   0:49   0:00 
David McIntyre           0  0  0   0  0   0  0  0  0  0  0/0     0:00   0:00   0:00 
Denis Bodrov             0  0  0  -1  0   0  0  0  0  0  0/0    12:05   0:00   0:00 
Derek Joslin             0  2  2   0  0   1  0  0  0  1  0/0    19:42   0:51   0:37 
Dwight King              1  0  1   1  0   1  1  0  0  0  0/0     8:05   0:00   0:13 
Henrik Tallinder         0  1  1  -2  0   5  0  3  0  0  0/0    25:16   1:08   2:11 
Ian Cole                 0  0  0  -1  0   0  0  0  0  1  0/0    12:05   0:00   0:00 
Jim Slater               0  0  0  -2  2   1  3  0  0  1  6/11   16:55   0:49   0:46 
Johannes Salmonsson      0  0  0  -2  0   2  2  0  0  0  0/0    16:55   0:49   0:46 
Kyle Brodziak            0  1  1   0  0   2  3  1  0  0  16/33  18:45   1:08   0:08 
Michal Grosek            1  0  1   0  0   4  2  1  0  0  6/6    20:33   1:10   1:54 
Mike Santorelli          0  0  0  -1  0   0  0  0  0  0  3/8    13:15   0:00   0:00 
Mike Van Ryn             0  0  0  -1  0   6  2  3  0  1  0/0    28:13   1:08   2:11 
Pat Dwyer                0  0  0   1  0   2  1  0  2  0  0/0     8:12   0:00   0:00 
Patrick McNeill          0  1  1   0  0   1  0  1  1  2  0/0    19:42   0:51   0:37 
Tomas Kudelka            0  0  0   1  0   0  0  1  0  0  0/0     2:57   0:00   0:00 
Wayne Simmonds           1  1  2  -1  2   5  3  0  0  1  1/2    13:42   0:02   0:00 
Zack Stortini            0  0  0   0  0   0  0  0  0  0  0/0     0:00   0:00   0:00 

3 Stars

1 - Alexander Radulov (Out)
2 - Pernell Karl Subban (Out)
3 - Martin Hanzal (Out)

Power Play

Manchots - 2 on 3 Attempt(s) - 66,67%
Saguenéens - 0 on 1 Attempt(s) - 0,00%

Penalty Kill

Manchots - 1 on 1 Attempt(s) - 100,00% - Score 0 goal in Penalty Kill
Saguenéens - 1 on 3 Attempt(s) - 33,33% - Score 0 goal in Penalty Kill

Official

Referees : LaRue Dennis and Rooney Chris
Linesman : Andy McElman and Derek Nansen

Game Notes

14:49 of 3rd period - Manchots goal is going for a video replay. After video review, Goal.

Manchots

5 vs 5 Forward 
   Center                   Left Wing                Right Wing               Time % Phy DF OF 
 1 Martin Hanzal            Jamie Benn               Alexander Radulov        38     0   1  4  
 2 Logan Couture            Bobby Butler             Petr Sykora              37     0   1  4  
 3 Tyler Kennedy            Cal Clutterbuck          Wade Belak               18     0   1  4  
 4 Denis Arkhipov           Eric Tangradi            Spencer Machacek         7      1   1  3  

5 vs 5 Defense 
   Defense                  Defense                                           Time % Phy DF OF 
 1 Pernell Karl Subban      Bryan Allen                                       40     1   1  3  
 2 Matt Corrente            Ilkka Heikkinen                                   30     1   2  2  
 3 Kris Russell             Richard Petiot                                    17     1   2  2  
 4 Richard Petiot           Pernell Karl Subban                               13     1   1  3  

PowerPlay Forward 
   Center                   Left Wing                Right Wing               Time % Phy DF OF 
 1 Martin Hanzal            Jamie Benn               Alexander Radulov        60     0   1  4  
 2 Logan Couture            Bobby Butler             Petr Sykora              40     0   1  4  

PowerPlay Defense
   Defense                  Defense                                           Time % Phy DF OF 
 1 Ilkka Heikkinen          Pernell Karl Subban                               60     1   1  3  
 2 Richard Petiot           Kris Russell                                      40     1   1  3  

Penalty Kill 4 Players Forward 
   Center                   Wing                     Time % Phy DF OF 
 1 Denis Arkhipov           Wade Belak               60     1   2  2  
 2 Tyler Kennedy            Petr Sykora              40     1   2  2  

Penalty Kill 4 Players Defense
   Defense                  Defense                  Time % Phy DF OF 
 1 Matt Corrente            Richard Petiot           60     1   2  2  
 2 Ilkka Heikkinen          Kris Russell             40     1   2  2  

Penalty Kill - 3 Players Forward 
   Forward                                           Time % Phy DF OF 
 1 Wade Belak                                        60     1   3  1  
 2 Tyler Kennedy                                     40     1   3  1  

Penalty Kill - 3 Players Defense
   Defense                  Defense                  Time % Phy DF OF 
 1 Kris Russell             Matt Corrente            60     1   3  1  
 2 Richard Petiot           Ilkka Heikkinen          40     1   3  1  

4 vs 4 Forward 
   Center                   Wing                     Time % Phy DF OF 
 1 Logan Couture            Alexander Radulov        60     1   1  3  
 2 Martin Hanzal            Jamie Benn               40     1   1  3  

4 vs 4 Defense
   Defense                  Defense                  Time % Phy DF OF 
 1 Pernell Karl Subban      Ilkka Heikkinen          60     1   1  3  
 2 Kris Russell             Richard Petiot           40     1   1  3  

Last Minutes Offensive
   Center                   Left Wing                Right Wing               Defense                  Defense                  
   Martin Hanzal            Jamie Benn               Petr Sykora              Ilkka Heikkinen          Pernell Karl Subban      

Last Minutes Defensive
   Center                   Left Wing                Right Wing               Defense                  Defense                  
   Denis Arkhipov           Bobby Butler             Wade Belak               Richard Petiot           Matt Corrente            

Goaltenders
Starting : Justin Peters            
Backup : Sebastien Caron          

Extra Forwards
Normal : Martin Hanzal, Alexander Radulov, Jamie Benn - PP : Petr Sykora, Alexander Radulov - PK : Denis Arkhipov
Extra Defensemen
Normal : Matt Corrente, Pernell Karl Subban, Kris Russell - PP : Pernell Karl Subban - PK : Ilkka Heikkinen, Matt Corrente
Penalty Shots
Alexander Radulov, Martin Hanzal, Petr Sykora, Bobby Butler, Jamie Benn

Saguenéens

5 vs 5 Forward 
   Center                   Left Wing                Right Wing               Time % Phy DF OF 
 1 Kyle Brodziak            Michal Grosek            Brad Chartrand           40     1   2  2  
 2 Jim Slater               Johannes Salmonsson      Brandon Yip              30     1   2  2  
 3 Mike Santorelli          Andrew Kozek             Wayne Simmonds           20     1   2  2  
 4 Andreas Engqvist         Dwight King              Pat Dwyer                10     1   2  2  

5 vs 5 Defense 
   Defense                  Defense                                           Time % Phy DF OF 
 1 Mike Van Ryn             Henrik Tallinder                                  40     1   2  2  
 2 Derek Joslin             Patrick McNeill                                   30     1   2  2  
 3 Ian Cole                 Denis Bodrov                                      20     1   2  2  
 4 Tomas Kudelka            Mike Van Ryn                                      10     1   2  2  

PowerPlay Forward 
   Center                   Left Wing                Right Wing               Time % Phy DF OF 
 1 Kyle Brodziak            Michal Grosek            Brad Chartrand           60     1   2  2  
 2 Jim Slater               Johannes Salmonsson      Brandon Yip              40     1   2  2  

PowerPlay Defense
   Defense                  Defense                                           Time % Phy DF OF 
 1 Mike Van Ryn             Henrik Tallinder                                  60     1   2  2  
 2 Derek Joslin             Patrick McNeill                                   40     1   2  2  

Penalty Kill 4 Players Forward 
   Center                   Wing                     Time % Phy DF OF 
 1 Michal Grosek            Brad Chartrand           60     1   2  2  
 2 Brandon Yip              Kyle Brodziak            40     1   2  2  

Penalty Kill 4 Players Defense
   Defense                  Defense                  Time % Phy DF OF 
 1 Mike Van Ryn             Henrik Tallinder         60     1   2  2  
 2 Derek Joslin             Patrick McNeill          40     1   2  2  

Penalty Kill - 3 Players Forward 
   Forward                                           Time % Phy DF OF 
 1 Michal Grosek                                     60     1   2  2  
 2 Brad Chartrand                                    40     1   2  2  

Penalty Kill - 3 Players Defense
   Defense                  Defense                  Time % Phy DF OF 
 1 Mike Van Ryn             Henrik Tallinder         60     1   2  2  
 2 Derek Joslin             Patrick McNeill          40     1   2  2  

4 vs 4 Forward 
   Center                   Wing                     Time % Phy DF OF 
 1 Michal Grosek            Brad Chartrand           60     1   2  2  
 2 Brandon Yip              Kyle Brodziak            40     1   2  2  

4 vs 4 Defense
   Defense                  Defense                  Time % Phy DF OF 
 1 Mike Van Ryn             Henrik Tallinder         60     1   2  2  
 2 Derek Joslin             Patrick McNeill          40     1   2  2  

Last Minutes Offensive
   Center                   Left Wing                Right Wing               Defense                  Defense                  
   Kyle Brodziak            Michal Grosek            Brad Chartrand           Mike Van Ryn             Henrik Tallinder         

Last Minutes Defensive
   Center                   Left Wing                Right Wing               Defense                  Defense                  
   Kyle Brodziak            Michal Grosek            Brad Chartrand           Mike Van Ryn             Henrik Tallinder         

Goaltenders
Starting : Thomas Greiss            
Backup : James Reimer             

Extra Forwards
Normal : Wayne Simmonds, Pat Dwyer, Andrew Kozek - PP : Wayne Simmonds, Pat Dwyer - PK : Andrew Kozek
Extra Defensemen
Normal : Ian Cole, Denis Bodrov, Tomas Kudelka - PP : Ian Cole - PK : Denis Bodrov, Tomas Kudelka
Penalty Shots
Michal Grosek, Brad Chartrand, Brandon Yip, Kyle Brodziak, Wayne Simmonds

% Time on Ice - Manchots

Lines # - Real PCT - Wanted PCT - Time Play
Normal Forward
1 - 33% - 38% - 17:45
2 - 31% - 37% - 16:41
3 - 21% - 18% - 11:15
4 - 14% - 7% - 7:33
Normal Defense
1 - 39% - 40% - 20:35
2 - 28% - 30% - 15:09
3 - 24% - 17% - 12:57
4 - 9% - 13% - 4:33
PP Forward
1 - 63% - 60% - 1:45
2 - 38% - 40% - 1:03
PP Defense
1 - 74% - 60% - 2:04
2 - 26% - 40% - 0:44
PK Forward
1 - 82% - 60% - 1:37
2 - 18% - 40% - 0:22
PK Defense
1 - 100% - 60% - 1:59
2 - 0% - 40% - 0:00
PK3 Forward
1 - 0% - 60%
2 - 0% - 40%
PK3 Defense
1 - 0% - 60%
2 - 0% - 40%
44 Forward
1 - 58% - 60% - 1:09
2 - 42% - 40% - 0:50
44 Defense
1 - 57% - 60% - 1:08
2 - 43% - 40% - 0:51
Last Minute Offensive  - 0:00
Last Minute Defensive  - 0:00
Total
Forward - 60:00
Defense - 60:00

% Time on Ice - Saguenéens

Lines # - Real PCT - Wanted PCT - Time Play
Normal Forward
1 - 31% - 40% - 16:46
2 - 29% - 30% - 15:21
3 - 25% - 20% - 13:15
4 - 15% - 10% - 7:52
Normal Defense
1 - 39% - 40% - 20:55
2 - 32% - 30% - 17:17
3 - 23% - 20% - 12:05
4 - 6% - 10% - 2:57
PP Forward
1 - 59% - 60% - 1:10
2 - 41% - 40% - 0:49
PP Defense
1 - 57% - 60% - 1:08
2 - 43% - 40% - 0:51
PK Forward
1 - 100% - 60% - 2:48
2 - 0% - 40% - 0:00
PK Defense
1 - 78% - 60% - 2:11
2 - 22% - 40% - 0:37
PK3 Forward
1 - 0% - 60%
2 - 0% - 40%
PK3 Defense
1 - 0% - 60%
2 - 0% - 40%
44 Forward
1 - 60% - 60% - 1:11
2 - 40% - 40% - 0:48
44 Defense
1 - 52% - 60% - 1:02
2 - 48% - 40% - 0:57
Last Minute Offensive  - 0:00
Last Minute Defensive  - 0:00
Total
Forward - 60:00
Defense - 60:00

Play by Play

1st period


0:01 of 1st period - Michal Grosek wins face-off versus Martin Hanzal in neutral zone.
0:16 of 1st period - Snap shot by Brad Chartrand.
0:16 of 1st period - Shot Misses the Net.
0:47 of 1st period - Minor Penalty to Jim Slater for Hooking.
0:47 of 1st period - Minor Penalty to Matt Corrente for Slashing.
0:48 of 1st period - Michal Grosek wins face-off versus Logan Couture in Saguenéens zone.
1:14 of 1st period - Martin Hanzal is hit by Kyle Brodziak and loses puck.
2:25 of 1st period - Pernell Karl Subban is hit by Pat Dwyer and loses puck.
2:32 of 1st period - Slapshot by Pat Dwyer.
2:32 of 1st period - Shot Blocked by Denis Arkhipov.
2:47 of 1st period - Penalty to Jim Slater is over, Jim Slater is back on ice.
2:47 of 1st period - Penalty to Matt Corrente is over, Matt Corrente is back on ice.
3:33 of 1st period - Icing by Mike Santorelli.
3:34 of 1st period - Mike Santorelli wins face-off versus Logan Couture in Saguenéens zone.
3:49 of 1st period - Slapshot by Wayne Simmonds.
3:49 of 1st period - Stopped by Justin Peters without a rebound.
3:50 of 1st period - Kyle Brodziak wins face-off versus Martin Hanzal in Manchots zone.
3:53 of 1st period - Slapshot by Brad Chartrand.
3:53 of 1st period - Shot Misses the Net.
5:02 of 1st period - Slapshot by Alexander Radulov.
5:02 of 1st period - Stopped by Thomas Greiss without a rebound.
5:03 of 1st period - Martin Hanzal wins face-off versus Jim Slater in Saguenéens zone.
5:08 of 1st period - Snap shot by Alexander Radulov.
5:08 of 1st period - Shot Misses the Net.
5:16 of 1st period - Ilkka Heikkinen is hit by Johannes Salmonsson and loses puck.
5:29 of 1st period - Michal Grosek is hit by Bobby Butler and loses puck.
5:34 of 1st period - Wrist shot by Petr Sykora.
5:34 of 1st period - Shot Misses the Net.
5:36 of 1st period - Snap shot by Pernell Karl Subban.
5:36 of 1st period - Stopped by Thomas Greiss without a rebound.
5:37 of 1st period - Logan Couture wins face-off versus Kyle Brodziak in Saguenéens zone.
5:42 of 1st period - Slapshot by Petr Sykora.
5:42 of 1st period - Stopped by Thomas Greiss with a rebound.
6:27 of 1st period - Slapshot by Pat Dwyer.
6:27 of 1st period - Stopped by Justin Peters without a rebound.
6:28 of 1st period - Jim Slater wins face-off versus Tyler Kennedy in Manchots zone.
6:31 of 1st period - Slapshot by Henrik Tallinder.
6:31 of 1st period - Shot Blocked by Wade Belak.
6:57 of 1st period - Jim Slater is hit by Kris Russell.
7:07 of 1st period - Slapshot by Tyler Kennedy.
7:07 of 1st period - Goal by Tyler Kennedy - Manchots : 1 - Saguenéens : 0.
7:08 of 1st period - Logan Couture wins face-off versus Kyle Brodziak in neutral zone.
7:33 of 1st period - Mike Santorelli is hit by Jamie Benn and loses puck.
7:54 of 1st period - Snap shot by Brandon Yip.
7:54 of 1st period - Stopped by Justin Peters with a rebound.
8:22 of 1st period - Snap shot by Wade Belak.
8:22 of 1st period - Stopped by Thomas Greiss with a rebound.
8:46 of 1st period - Wrist shot by Brad Chartrand.
8:46 of 1st period - Shot Misses the Net.
8:48 of 1st period - Wrist shot by Brad Chartrand.
8:48 of 1st period - Stopped by Justin Peters with a rebound.
8:50 of 1st period - Slapshot by Mike Van Ryn.
8:50 of 1st period - Shot Misses the Net.
8:52 of 1st period - Snap shot by Michal Grosek.
8:52 of 1st period - Deflect By Kyle Brodziak.
8:52 of 1st period - Shot Misses the Net.
8:52 of 1st period - Puck is out of play.
8:53 of 1st period - Martin Hanzal wins face-off versus Jim Slater in Manchots zone.
9:47 of 1st period - Slapshot by Wade Belak.
9:47 of 1st period - Shot Blocked by Patrick McNeill.
10:05 of 1st period - Snap shot by Petr Sykora.
10:05 of 1st period - Stopped by Thomas Greiss with a rebound.
10:14 of 1st period - Icing by Petr Sykora.
10:15 of 1st period - Logan Couture wins face-off versus Kyle Brodziak in Manchots zone.
10:49 of 1st period - Snap shot by Bobby Butler.
10:49 of 1st period - Shot Misses the Net.
10:51 of 1st period - Wrist shot by Bobby Butler.
10:51 of 1st period - Shot Blocked by Mike Van Ryn.
10:53 of 1st period - Slapshot by Bryan Allen.
10:53 of 1st period - Shot Blocked by Tomas Kudelka.
10:55 of 1st period - Wrist shot by Bobby Butler.
10:55 of 1st period - Stopped by Thomas Greiss with a rebound.
10:57 of 1st period - Slapshot by Bryan Allen.
10:57 of 1st period - Stopped by Thomas Greiss without a rebound.
10:58 of 1st period - Kyle Brodziak wins face-off versus Martin Hanzal in Saguenéens zone.
11:07 of 1st period - Snap shot by Alexander Radulov.
11:07 of 1st period - Goal by Alexander Radulov - Manchots : 2 - Saguenéens : 0.
11:08 of 1st period - Kyle Brodziak wins face-off versus Alexander Radulov in neutral zone.
11:21 of 1st period - Wrist shot by Brad Chartrand.
11:21 of 1st period - Deflect By Kyle Brodziak.
11:21 of 1st period - Shot Blocked by Pernell Karl Subban.
11:21 of 1st period - Puck is out of play.
11:22 of 1st period - Logan Couture wins face-off versus Kyle Brodziak in Manchots zone.
11:49 of 1st period - Martin Hanzal is hit by Johannes Salmonsson and loses puck.
11:58 of 1st period - Snap shot by Alexander Radulov.
11:58 of 1st period - Stopped by Thomas Greiss without a rebound.
11:59 of 1st period - Logan Couture wins face-off versus Mike Santorelli in Saguenéens zone.
12:16 of 1st period - Bobby Butler is hit by Wayne Simmonds and loses puck.
12:29 of 1st period - Patrick McNeill is hit by Alexander Radulov and loses puck.
12:51 of 1st period - Slapshot by Pat Dwyer.
12:51 of 1st period - Shot Misses the Net.
13:15 of 1st period - Pernell Karl Subban is hit by Jim Slater and loses puck.
13:20 of 1st period - Slapshot by Henrik Tallinder.
13:20 of 1st period - Stopped by Justin Peters without a rebound.
13:21 of 1st period - Kyle Brodziak wins face-off versus Martin Hanzal in Manchots zone.
13:22 of 1st period - Wrist shot by Michal Grosek.
13:22 of 1st period - Shot Misses the Net.
13:24 of 1st period - Slapshot by Brad Chartrand.
13:24 of 1st period - Stopped by Justin Peters without a rebound.
13:25 of 1st period - Martin Hanzal wins face-off versus Kyle Brodziak in Manchots zone.
13:34 of 1st period - Slapshot by Alexander Radulov.
13:34 of 1st period - Shot Blocked by Brad Chartrand.
14:12 of 1st period - Snap shot by Bryan Allen.
14:12 of 1st period - Deflect By Tyler Kennedy.
14:12 of 1st period - Stopped by Thomas Greiss with a rebound.
14:14 of 1st period - Slapshot by Pernell Karl Subban.
14:14 of 1st period - Stopped by Thomas Greiss without a rebound.
14:15 of 1st period - Kyle Brodziak wins face-off versus Tyler Kennedy in Saguenéens zone.
15:26 of 1st period - Slapshot by Mike Van Ryn.
15:26 of 1st period - Stopped by Justin Peters with a rebound.
15:28 of 1st period - Slapshot by Henrik Tallinder.
15:28 of 1st period - Stopped by Justin Peters with a rebound.
15:30 of 1st period - Wrist shot by Kyle Brodziak.
15:30 of 1st period - Shot Misses the Net.
15:32 of 1st period - Snap shot by Michal Grosek.
15:32 of 1st period - Shot Blocked by Richard Petiot.
15:34 of 1st period - Snap shot by Michal Grosek.
15:34 of 1st period - Shot Misses the Net.
15:36 of 1st period - Slapshot by Michal Grosek.
15:36 of 1st period - Shot Blocked by Pernell Karl Subban.
15:38 of 1st period - Wrist shot by Kyle Brodziak.
15:38 of 1st period - Stopped by Justin Peters with a rebound.
16:17 of 1st period - Pat Dwyer is hit by Logan Couture and loses puck.
16:32 of 1st period - Slapshot by Andreas Engqvist.
16:32 of 1st period - Stopped by Justin Peters with a rebound.
16:59 of 1st period - Slapshot by Bryan Allen.
16:59 of 1st period - Stopped by Thomas Greiss with a rebound.
17:22 of 1st period - Denis Arkhipov is hit by Kyle Brodziak and loses puck.
17:29 of 1st period - Snap shot by Michal Grosek.
17:29 of 1st period - Shot Misses the Net.
17:31 of 1st period - Wrist shot by Kyle Brodziak.
17:31 of 1st period - Stopped by Justin Peters with a rebound.
17:33 of 1st period - Wrist shot by Mike Van Ryn.
17:33 of 1st period - Stopped by Justin Peters with a rebound.
17:35 of 1st period - Wrist shot by Michal Grosek.
17:35 of 1st period - Stopped by Justin Peters with a rebound.
17:37 of 1st period - Slapshot by Tomas Kudelka.
17:37 of 1st period - Deflect By Kyle Brodziak.
17:37 of 1st period - Shot Misses the Net.
17:37 of 1st period - Puck is out of play.
17:38 of 1st period - Martin Hanzal wins face-off versus Jim Slater in Manchots zone.
18:17 of 1st period - Slapshot by Wayne Simmonds.
18:17 of 1st period - Stopped by Justin Peters with a rebound.
18:19 of 1st period - Wrist shot by Wayne Simmonds.
18:19 of 1st period - Stopped by Justin Peters without a rebound.
18:20 of 1st period - Logan Couture wins face-off versus Kyle Brodziak in Manchots zone.
18:54 of 1st period - Snap shot by Martin Hanzal.
18:54 of 1st period - Deflect By Alexander Radulov.
18:54 of 1st period - Deflect By Brandon Yip.
18:54 of 1st period - Shot Misses the Net.
18:54 of 1st period - Puck is out of play.
18:55 of 1st period - Jim Slater wins face-off versus Logan Couture in Saguenéens zone.
19:48 of 1st period - Slapshot by Henrik Tallinder.
19:48 of 1st period - Shot Blocked by Tyler Kennedy.

2nd period


0:01 of 2nd period - Logan Couture wins face-off versus Kyle Brodziak in neutral zone.
0:08 of 2nd period - Wrist shot by Petr Sykora.
0:08 of 2nd period - Shot Misses the Net.
0:26 of 2nd period - Jamie Benn is hit by Mike Van Ryn and loses puck.
0:33 of 2nd period - Wrist shot by Brandon Yip.
0:33 of 2nd period - Stopped by Justin Peters without a rebound.
0:34 of 2nd period - Martin Hanzal wins face-off versus Wayne Simmonds in Manchots zone.
0:43 of 2nd period - Backhand shot by Alexander Radulov.
0:43 of 2nd period - Stopped by Thomas Greiss with a rebound.
1:41 of 2nd period - Denis Arkhipov is hit by Dwight King and loses puck.
1:48 of 2nd period - Snap shot by Dwight King.
1:48 of 2nd period - Shot Misses the Net.
2:15 of 2nd period - Denis Bodrov is hit by Kris Russell and loses puck.
2:30 of 2nd period - Andrew Kozek is hit by Pernell Karl Subban and loses puck.
2:35 of 2nd period - Snap shot by Alexander Radulov.
2:35 of 2nd period - Shot Blocked by Andrew Kozek.
2:37 of 2nd period - Wrist shot by Martin Hanzal.
2:37 of 2nd period - Stopped by Thomas Greiss without a rebound.
2:38 of 2nd period - Logan Couture wins face-off versus Kyle Brodziak in Saguenéens zone.
3:03 of 2nd period - Petr Sykora is hit by Andreas Engqvist and loses puck.
3:08 of 2nd period - Snap shot by Dwight King.
3:08 of 2nd period - Shot Misses the Net.
3:36 of 2nd period - Slapshot by Johannes Salmonsson.
3:36 of 2nd period - Stopped by Justin Peters without a rebound.
3:37 of 2nd period - Kyle Brodziak wins face-off versus Martin Hanzal in Manchots zone.
3:47 of 2nd period - Snap shot by Bryan Allen.
3:47 of 2nd period - Shot Blocked by Michal Grosek.
3:49 of 2nd period - Wrist shot by Jamie Benn.
3:49 of 2nd period - Deflect By Martin Hanzal.
3:49 of 2nd period - Stopped by Thomas Greiss with a rebound.
3:51 of 2nd period - Slapshot by Bryan Allen.
3:51 of 2nd period - Stopped by Thomas Greiss without a rebound.
3:52 of 2nd period - Cal Clutterbuck wins face-off versus Jim Slater in Saguenéens zone.
4:17 of 2nd period - Petr Sykora is hit by Michal Grosek and loses puck.
5:05 of 2nd period - Pat Dwyer is hit by Tyler Kennedy and loses puck.
5:58 of 2nd period - Richard Petiot is hit by Michal Grosek and loses puck.
6:09 of 2nd period - Slapshot by Michal Grosek.
6:09 of 2nd period - Shot Misses the Net.
6:21 of 2nd period - Wrist shot by Wayne Simmonds.
6:21 of 2nd period - Goal by Wayne Simmonds - Manchots : 2 - Saguenéens : 1.
6:22 of 2nd period - Brad Chartrand wins face-off versus Logan Couture in neutral zone.
6:24 of 2nd period - Off-side.
6:25 of 2nd period - Logan Couture wins face-off versus Kyle Brodziak in neutral zone.
6:38 of 2nd period - Wrist shot by Bobby Butler.
6:38 of 2nd period - Shot Misses the Net.
6:40 of 2nd period - Wrist shot by Petr Sykora.
6:40 of 2nd period - Stopped by Thomas Greiss with a rebound.
7:08 of 2nd period - Johannes Salmonsson is hit by Bryan Allen and loses puck.
7:41 of 2nd period - Wrist shot by Brandon Yip.
7:41 of 2nd period - Stopped by Justin Peters without a rebound.
7:42 of 2nd period - Logan Couture wins face-off versus Kyle Brodziak in Manchots zone.
7:42 of 2nd period - Logan Couture is hit by Brad Chartrand.
8:28 of 2nd period - Wrist shot by Dwight King.
8:28 of 2nd period - Shot Blocked by Kris Russell.
8:30 of 2nd period - Wrist shot by Dwight King.
8:30 of 2nd period - Shot Blocked by Denis Arkhipov.
8:32 of 2nd period - Snap shot by Dwight King.
8:32 of 2nd period - Shot Misses the Net.
8:34 of 2nd period - Slapshot by Derek Joslin.
8:34 of 2nd period - Stopped by Justin Peters without a rebound.
8:35 of 2nd period - Kyle Brodziak wins face-off versus Logan Couture in Manchots zone.
8:46 of 2nd period - Kyle Brodziak is hit by Petr Sykora and loses puck.
9:21 of 2nd period - Minor Penalty to Wayne Simmonds for Hooking.
9:22 of 2nd period - Michal Grosek wins face-off versus Jamie Benn in Saguenéens zone.
9:37 of 2nd period - Wrist shot by Michal Grosek.
9:37 of 2nd period - Shot Misses the Net.
9:47 of 2nd period - Brad Chartrand is hit by Pernell Karl Subban and loses puck.
9:54 of 2nd period - Slapshot by Petr Sykora.
9:54 of 2nd period - Shot Blocked by Mike Van Ryn.
9:56 of 2nd period - Snap shot by Richard Petiot.
9:56 of 2nd period - Deflect By Brad Chartrand.
9:56 of 2nd period - Goal by Richard Petiot - Manchots : 3 - Saguenéens : 1.
9:57 of 2nd period - Jim Slater wins face-off versus Logan Couture in neutral zone.
10:34 of 2nd period - Bobby Butler is hit by Wayne Simmonds and loses puck.
11:04 of 2nd period - Slapshot by Tyler Kennedy.
11:04 of 2nd period - Stopped by Thomas Greiss with a rebound.
11:06 of 2nd period - Slapshot by Wade Belak.
11:06 of 2nd period - Stopped by Thomas Greiss with a rebound.
11:44 of 2nd period - Wrist shot by Martin Hanzal.
11:44 of 2nd period - Stopped by Thomas Greiss without a rebound.
11:45 of 2nd period - Mike Santorelli wins face-off versus Martin Hanzal in Saguenéens zone.
11:45 of 2nd period - Mike Santorelli is hit by Bryan Allen.
11:51 of 2nd period - Slapshot by Mike Van Ryn.
11:51 of 2nd period - Deflect By Andrew Kozek.
11:51 of 2nd period - Shot Misses the Net.
11:51 of 2nd period - Puck is out of play.
11:52 of 2nd period - Martin Hanzal wins face-off versus Kyle Brodziak in Manchots zone.
12:19 of 2nd period - Wrist shot by Logan Couture.
12:19 of 2nd period - Shot Blocked by Mike Van Ryn.
12:23 of 2nd period - Snap shot by Bobby Butler.
12:23 of 2nd period - Deflect By Brandon Yip.
12:23 of 2nd period - Stopped by Thomas Greiss with a rebound.
12:25 of 2nd period - Slapshot by Pernell Karl Subban.
12:25 of 2nd period - Stopped by Thomas Greiss with a rebound.
12:27 of 2nd period - Slapshot by Pernell Karl Subban.
12:27 of 2nd period - Shot Blocked by Henrik Tallinder.
12:37 of 2nd period - Slapshot by Mike Van Ryn.
12:37 of 2nd period - Stopped by Justin Peters without a rebound.
12:38 of 2nd period - Wayne Simmonds wins face-off versus Tyler Kennedy in Manchots zone.
13:17 of 2nd period - Minor Penalty to Brad Chartrand for Interference.
13:18 of 2nd period - Michal Grosek wins face-off versus Alexander Radulov in Saguenéens zone.
13:31 of 2nd period - Snap shot by Martin Hanzal.
13:31 of 2nd period - Goal by Martin Hanzal - Manchots : 4 - Saguenéens : 1.
13:32 of 2nd period - Logan Couture wins face-off versus Kyle Brodziak in neutral zone.
13:37 of 2nd period - Wrist shot by Logan Couture.
13:37 of 2nd period - Stopped by Thomas Greiss without a rebound.
13:38 of 2nd period - Kyle Brodziak wins face-off versus Logan Couture in Saguenéens zone.
13:43 of 2nd period - Petr Sykora is hit by Kyle Brodziak and loses puck.
14:06 of 2nd period - Snap shot by Andrew Kozek.
14:06 of 2nd period - Stopped by Justin Peters without a rebound.
14:07 of 2nd period - Martin Hanzal wins face-off versus Mike Santorelli in Manchots zone.
14:12 of 2nd period - Mike Santorelli is hit by Matt Corrente and loses puck.
15:03 of 2nd period - Slapshot by Petr Sykora.
15:03 of 2nd period - Shot Blocked by Henrik Tallinder.
15:05 of 2nd period - Snap shot by Logan Couture.
15:05 of 2nd period - Stopped by Thomas Greiss with a rebound.
15:15 of 2nd period - Pernell Karl Subban is hit by Mike Van Ryn.
15:51 of 2nd period - Andrew Kozek is hit by Jamie Benn.
16:01 of 2nd period - Kyle Brodziak is hit by Logan Couture and loses puck.
16:12 of 2nd period - Logan Couture is hit by Brad Chartrand and loses puck.
16:25 of 2nd period - Brandon Yip is hit by Tyler Kennedy and loses puck.
17:52 of 2nd period - Brad Chartrand is hit by Cal Clutterbuck and loses puck.
18:16 of 2nd period - Wrist shot by Henrik Tallinder.
18:16 of 2nd period - Deflect By Johannes Salmonsson.
18:16 of 2nd period - Stopped by Justin Peters with a rebound.
18:18 of 2nd period - Snap shot by Johannes Salmonsson.
18:18 of 2nd period - Shot Misses the Net.
18:34 of 2nd period - Snap shot by Jamie Benn.
18:34 of 2nd period - Stopped by Thomas Greiss with a rebound.
18:40 of 2nd period - Wrist shot by Alexander Radulov.
18:40 of 2nd period - Deflect By Martin Hanzal.
18:40 of 2nd period - Stopped by Thomas Greiss with a rebound.
19:12 of 2nd period - Slapshot by Henrik Tallinder.
19:12 of 2nd period - Stopped by Justin Peters without a rebound.
19:13 of 2nd period - Jim Slater wins face-off versus Tyler Kennedy in Manchots zone.
19:16 of 2nd period - Wrist shot by Mike Van Ryn.
19:16 of 2nd period - Stopped by Justin Peters without a rebound.
19:17 of 2nd period - Kyle Brodziak wins face-off versus Tyler Kennedy in Manchots zone.
19:46 of 2nd period - Snap shot by Tyler Kennedy.
19:46 of 2nd period - Deflect By Wade Belak.
19:46 of 2nd period - Shot Misses the Net.
19:46 of 2nd period - Puck is out of play.
19:47 of 2nd period - Jim Slater wins face-off versus Martin Hanzal in Saguenéens zone.

3rd period


0:01 of 3rd period - Martin Hanzal wins face-off versus Kyle Brodziak in neutral zone.
0:16 of 3rd period - Wrist shot by Alexander Radulov.
0:16 of 3rd period - Deflect By Jamie Benn.
0:16 of 3rd period - Stopped by Thomas Greiss with a rebound.
0:47 of 3rd period - Wrist shot by Andrew Kozek.
0:47 of 3rd period - Shot Misses the Net.
0:49 of 3rd period - Snap shot by Wayne Simmonds.
0:49 of 3rd period - Stopped by Justin Peters without a rebound.
0:50 of 3rd period - Martin Hanzal wins face-off versus Mike Santorelli in Manchots zone.
0:50 of 3rd period - Martin Hanzal is hit by Andrew Kozek.
1:02 of 3rd period - Derek Joslin is hit by Pernell Karl Subban and loses puck.
1:54 of 3rd period - Wrist shot by Petr Sykora.
1:54 of 3rd period - Goal by Petr Sykora - Manchots : 5 - Saguenéens : 1.
1:55 of 3rd period - Kyle Brodziak wins face-off versus Martin Hanzal in neutral zone.
1:57 of 3rd period - Minor Penalty to Matt Corrente for Diving.
1:58 of 3rd period - Kyle Brodziak wins face-off versus Denis Arkhipov in Manchots zone.
1:59 of 3rd period - Snap shot by Michal Grosek.
1:59 of 3rd period - Stopped by Justin Peters with a rebound.
2:01 of 3rd period - Slapshot by Henrik Tallinder.
2:01 of 3rd period - Shot Blocked by Richard Petiot.
2:03 of 3rd period - Slapshot by Mike Van Ryn.
2:03 of 3rd period - Shot Misses the Net.
2:05 of 3rd period - Slapshot by Mike Van Ryn.
2:05 of 3rd period - Stopped by Justin Peters with a rebound.
2:07 of 3rd period - Slapshot by Brad Chartrand.
2:07 of 3rd period - Shot Misses the Net.
2:11 of 3rd period - Wrist shot by Michal Grosek.
2:11 of 3rd period - Deflect By Wade Belak.
2:11 of 3rd period - Shot Misses the Net.
2:11 of 3rd period - Puck is out of play.
2:12 of 3rd period - Kyle Brodziak wins face-off versus Denis Arkhipov in Manchots zone.
2:45 of 3rd period - Snap shot by Brandon Yip.
2:45 of 3rd period - Deflect By Jim Slater.
2:45 of 3rd period - Stopped by Justin Peters with a rebound.
2:47 of 3rd period - Slapshot by Patrick McNeill.
2:47 of 3rd period - Stopped by Justin Peters with a rebound.
3:21 of 3rd period - Wrist shot by Jamie Benn.
3:21 of 3rd period - Shot Blocked by Kyle Brodziak.
3:57 of 3rd period - Penalty to Matt Corrente is over, Matt Corrente is back on ice.
4:30 of 3rd period - Icing by Wade Belak.
4:31 of 3rd period - Denis Arkhipov wins face-off versus Mike Santorelli in Manchots zone.
4:42 of 3rd period - Wrist shot by Wayne Simmonds.
4:42 of 3rd period - Shot Misses the Net.
5:02 of 3rd period - Wrist shot by Bobby Butler.
5:02 of 3rd period - Deflect By Petr Sykora.
5:02 of 3rd period - Stopped by Thomas Greiss without a rebound.
5:03 of 3rd period - Michal Grosek wins face-off versus Logan Couture in Saguenéens zone.
5:08 of 3rd period - Wrist shot by Michal Grosek.
5:08 of 3rd period - Shot Misses the Net.
5:10 of 3rd period - Snap shot by Michal Grosek.
5:10 of 3rd period - Shot Misses the Net.
5:12 of 3rd period - Backhand shot by Patrick McNeill.
5:12 of 3rd period - Shot Blocked by Petr Sykora.
5:59 of 3rd period - Wrist shot by Dwight King.
5:59 of 3rd period - Goal by Dwight King - Manchots : 5 - Saguenéens : 2.
6:00 of 3rd period - Logan Couture wins face-off versus Kyle Brodziak in neutral zone.
6:03 of 3rd period - Snap shot by Petr Sykora.
6:03 of 3rd period - Deflect By Michal Grosek.
6:03 of 3rd period - Stopped by Thomas Greiss with a rebound.
6:37 of 3rd period - Slapshot by Ilkka Heikkinen.
6:37 of 3rd period - Shot Misses the Net.
6:55 of 3rd period - Richard Petiot is hit by Jim Slater and loses puck.
7:34 of 3rd period - Wrist shot by Andreas Engqvist.
7:34 of 3rd period - Shot Blocked by Wade Belak.
7:36 of 3rd period - Snap shot by Derek Joslin.
7:36 of 3rd period - Shot Misses the Net.
7:38 of 3rd period - Slapshot by Patrick McNeill.
7:38 of 3rd period - Shot Blocked by Pernell Karl Subban.
7:40 of 3rd period - Snap shot by Andreas Engqvist.
7:40 of 3rd period - Goal by Andreas Engqvist - Manchots : 5 - Saguenéens : 3.
7:41 of 3rd period - Martin Hanzal wins face-off versus Kyle Brodziak in neutral zone.
8:08 of 3rd period - Patrick McNeill is hit by Matt Corrente and loses puck.
8:35 of 3rd period - Slapshot by Andrew Kozek.
8:35 of 3rd period - Deflect By Wayne Simmonds.
8:35 of 3rd period - Shot Misses the Net.
8:35 of 3rd period - Puck is out of play.
8:36 of 3rd period - Mike Santorelli wins face-off versus Martin Hanzal in Manchots zone.
9:07 of 3rd period - Wayne Simmonds is hit by Wade Belak and loses puck.
9:21 of 3rd period - Icing by Ian Cole.
9:22 of 3rd period - Kyle Brodziak wins face-off versus Logan Couture in Saguenéens zone.
9:35 of 3rd period - Snap shot by Petr Sykora.
9:35 of 3rd period - Shot Misses the Net.
9:37 of 3rd period - Snap shot by Bobby Butler.
9:37 of 3rd period - Shot Blocked by Brad Chartrand.
10:11 of 3rd period - Snap shot by Pat Dwyer.
10:11 of 3rd period - Stopped by Justin Peters without a rebound.
10:12 of 3rd period - Logan Couture wins face-off versus Andreas Engqvist in Manchots zone.
10:24 of 3rd period - Wrist shot by Bobby Butler.
10:24 of 3rd period - Shot Blocked by Henrik Tallinder.
10:26 of 3rd period - Wrist shot by Logan Couture.
10:26 of 3rd period - Goal by Logan Couture - Manchots : 6 - Saguenéens : 3.
10:27 of 3rd period - Martin Hanzal wins face-off versus Kyle Brodziak in neutral zone.
10:29 of 3rd period - Minor Penalty to Brad Chartrand for Tripping.
10:30 of 3rd period - Michal Grosek wins face-off versus Martin Hanzal in Saguenéens zone.
12:14 of 3rd period - Michal Grosek is hit by Pernell Karl Subban and loses puck.
12:27 of 3rd period - Andrew Kozek is hit by Ilkka Heikkinen and loses puck.
12:29 of 3rd period - Penalty to Brad Chartrand is over, Brad Chartrand is back on ice.
12:34 of 3rd period - Snap shot by Kyle Brodziak.
12:34 of 3rd period - Shot Misses the Net.
12:36 of 3rd period - Slapshot by Mike Van Ryn.
12:36 of 3rd period - Stopped by Justin Peters without a rebound.
12:37 of 3rd period - Tyler Kennedy wins face-off versus Andreas Engqvist in Manchots zone.
13:06 of 3rd period - Off-side.
13:07 of 3rd period - Denis Arkhipov wins face-off versus Jim Slater in neutral zone.
13:27 of 3rd period - Derek Joslin is hit by Spencer Machacek and loses puck.
13:38 of 3rd period - Kris Russell is hit by Brandon Yip and loses puck.
14:47 of 3rd period - Wrist shot by Spencer Machacek.
14:47 of 3rd period - Shot Misses the Net.
14:49 of 3rd period - Slapshot by Denis Arkhipov.
14:49 of 3rd period - Manchots goal is going for a video replay.
14:49 of 3rd period - The goal is good.
14:49 of 3rd period - Goal by Denis Arkhipov - Manchots : 7 - Saguenéens : 3.
14:50 of 3rd period - Kyle Brodziak wins face-off versus Logan Couture in neutral zone.
15:12 of 3rd period - Icing by Petr Sykora.
15:13 of 3rd period - Logan Couture wins face-off versus Mike Santorelli in Manchots zone.
15:20 of 3rd period - Snap shot by Wayne Simmonds.
15:20 of 3rd period - Shot Blocked by Pernell Karl Subban.
15:22 of 3rd period - Slapshot by Henrik Tallinder.
15:22 of 3rd period - Stopped by Justin Peters with a rebound.
16:09 of 3rd period - Snap shot by Brad Chartrand.
16:09 of 3rd period - Stopped by Justin Peters with a rebound.
16:11 of 3rd period - Slapshot by Henrik Tallinder.
16:11 of 3rd period - Stopped by Justin Peters with a rebound.
16:25 of 3rd period - Mike Santorelli is hit by Kris Russell and loses puck.
16:53 of 3rd period - Wrist shot by Alexander Radulov.
16:53 of 3rd period - Goal by Alexander Radulov - Manchots : 8 - Saguenéens : 3.
16:54 of 3rd period - Kyle Brodziak wins face-off versus Logan Couture in neutral zone.
17:03 of 3rd period - Slapshot by Michal Grosek.
17:03 of 3rd period - Stopped by Justin Peters without a rebound.
17:04 of 3rd period - Kyle Brodziak wins face-off versus Bobby Butler in Manchots zone.
17:07 of 3rd period - Snap shot by Michal Grosek.
17:07 of 3rd period - Goal by Michal Grosek - Manchots : 8 - Saguenéens : 4.
17:08 of 3rd period - Logan Couture wins face-off versus Kyle Brodziak in neutral zone.
17:23 of 3rd period - Snap shot by Logan Couture.
17:23 of 3rd period - Stopped by Thomas Greiss with a rebound.
18:26 of 3rd period - Off-side.
18:27 of 3rd period - Jim Slater wins face-off versus Martin Hanzal in neutral zone.
18:30 of 3rd period - Matt Corrente is hit by Jim Slater and loses puck.
18:39 of 3rd period - Snap shot by Ilkka Heikkinen.
18:39 of 3rd period - Shot Misses the Net.
18:53 of 3rd period - Ilkka Heikkinen is hit by Wayne Simmonds and loses puck.
19:49 of 3rd period - Slapshot by Brandon Yip.
19:49 of 3rd period - Shot Blocked by Matt Corrente.


Output by the SimonT Hockey Simulator (STHS) for Pascal Landry -- Original Page W3C XHTML 1.0 Valid
Hockey Simulator - Hockey Simulation - Hockey Manager